 Seeded DCSS version 0.30.1-11-g7821555f0a (webtiles) character file.

Game seed: 6351066067085065685 (custom seed)

628 Esekla the Magician (level 7, 0/39 HPs)
             Began as a Deep Elf Wanderer on Nov 4, 2023.
             Was a Believer of Vehumet.
             Slain by a hound (4 damage)
             ... on level 5 of the Dungeon.
             The game lasted 00:25:28 (3287 turns).

Esekla the Magician (Deep Elf Wanderer)             Turns: 3287, Time: 00:25:28

Health: 0/39       AC:  5    Str: 11    XL:     7   Next: 23%
Magic:  13/20      EV: 12    Int: 20    God:    Vehumet [**....]
Gold:   209        SH:  4    Dex: 14    Spells: 12/21 levels left

rFire   . . .        s - +5 rapier of the Hero {heavy, rN+ Dex+3}
rCold   . . .        d - +0 buckler
rNeg    + . .        c - +0 robe
rPois   .            m - +0 helmet
rElec   .            y - +0 cloak
rCorr   .            l - +0 pair of gloves
SInv    .            (no boots)
Will    .....        (no amulet)
Stlth   ++           (no ring)
HPRegen 0.26/turn    (no ring)
MPRegen 0.17/turn

%: no passive effects
@: very slightly contaminated
A: no striking features
a: Renounce Religion


You were on level 5 of the Dungeon.
You worshipped Vehumet.
Vehumet was pleased with you.
You visited 1 branch of the dungeon, and saw 7 of its levels.

You collected 209 gold pieces.

Inventory:

Hand Weapons
 a - a +2 vampiric dagger
 r - a +0 trident
 s - the +5 rapier of the Hero (weapon) {heavy, rN+ Dex+3}
   (You found it on level 3 of the Dungeon)

   Dex:       It affects your dexterity (+3).
   rN:        It protects you from negative energy.
Missiles
 w - 2 poisoned darts (quivered)
Armour
 c - a +0 robe (worn)
 d - a +0 buckler (worn)
 l - a +0 pair of gloves (worn)
 m - a +0 helmet (worn)
 y - a +0 cloak (worn)
Wands
 i - a wand of roots (6)
Scrolls
 g - 5 scrolls of identify {unknown}
 o - a scroll of amnesia {unknown}
 p - a scroll of enchant armour {unknown}
 q - a scroll of immolation {unknown}
 t - a scroll of fog {unknown}
 v - a scroll of blinking {unknown}
 x - a scroll of poison {unknown}
Potions
 b - a potion of lignification
 e - a potion of ambrosia {unknown}
 f - 2 potions of attraction {unknown}
 h - a potion of heal wounds {unknown}
 j - 3 potions of curing {unknown}
 k - a potion of haste {unknown}
 n - a potion of mutation {unknown}
 u - 2 potions of brilliance {unknown}


   Skills:
 * Level 1.9 Fighting
 + Level 1.5 Short Blades
 * Level 1.4 Maces & Flails
 + Level 0.3 Throwing
 * Level 2.3 Dodging
 + Level 1.8 Stealth
 + Level 1.6 Shields
 * Level 7.9 Spellcasting
 * Level 0.8 Conjurations
 * Level 3.0 Necromancy
 + Level 2.9 Translocations
 + Level 1.0 Invocations


You had 12 spell levels left.
You knew the following spells:

 Your Spells              Type           Power      Damage    Failure   Level
a - Magic Dart            Conj           44%        1d5       9%          1
b - Blink                 Tloc           38%        N/A       5%          2
d - Vampiric Draining     Necr           20%        2d7       11%         3
e - Searing Ray           Conj           22%        2d5       14%         2
p - Apportation           Tloc           38%        N/A       3%          1

Your spell library contained the following spells:

 Spells                   Type           Power      Damage    Failure   Level
 Lesser Beckoning         Tloc           38%        N/A       5%          2
 Gell's Gravitas          Tloc           19%        N/A       11%         3
 Teleport Other           Tloc           19%        N/A       11%         3
 Ignite Poison            Fire/Tmut/Pois 7%         N/A       36%         3


Dungeon Overview and Level Annotations

Branches:
Dungeon (7/15)
 Temple: D:4-7

Altars:
Hepliaklqana
Okawaru
Qazlal
Trog
Vehumet
Zin

Shops:
D:2 =   D:4 (

Annotations:
D:6 Blork the orc, Pikel


Message History

Blork the orc comes into view.
He is wielding a +0 scimitar.
The orc hits you with a +0 hand axe.
* * * LOW HITPOINT WARNING * * *
There is a stone staircase leading up here.
The orc barely misses you.
You climb upwards.
The hound barks!
Found a scroll labelled MANIROASHRE.
There is a stone staircase leading down here.
Casting: Vampiric Draining (dangerous; 11% risk of failure)
Confirm with . or Enter, or press ? or * to list all spells.
You blink.
Found a bubbling blue potion.
Casting: Blink (safe; 5% risk of failure)
Confirm with . or Enter, or press ? or * to list all spells.
Aiming: Vampiric Draining (dangerous; 11% risk of failure)
Press: ? - help, Shift-Dir - straight line, f - hound
Aim: a hound Nothing appears to happen.
The hound barely misses you. The hound bites you.
* * * LOW HITPOINT WARNING * * *
Casting: Vampiric Draining (dangerous; 11% risk of failure)
Confirm with . or Enter, or press ? or * to list all spells.
You don't know that spell.
Okay, then.
The hound attacks as you move away! You block the hound's attack.
The orc attacks as you move away! The orc barely misses you.
Found a scroll labelled BUGABINK IGUEV.
You feel stable enough to blink again. The hound closely misses you.
Casting: Vampiric Draining (dangerous; 11% risk of failure)
Confirm with . or Enter, or press ? or * to list all spells.
Aiming: Vampiric Draining (dangerous; 11% risk of failure)
Press: ? - help, Shift-Dir - straight line, f - hound
Aim: a hound You miscast Vampiric Draining.
You are very lightly contaminated with residual magic.
Nothing appears to happen.
The hound bites you.
* * * LOW HITPOINT WARNING * * *
The hound attacks as you move away! The hound bites you but does no damage.
The hound bites you.
You die...

!..#####.#
#...#... #..#..#
##.....# .##
##......###.....
###....#..>.?.#
#......S.....##
#.#..hh#.###.#
##.@o..# .#
#.#.#.# #
#.#..#..
#...###.. ##.##
#?.# # #.# .#


You could see 2 hounds, an adder and an orc.

Vanquished Creatures
  A wyvern (D:7)
  An ice beast (D:6)
  A black bear (D:2)
  A lemure (D:6)
  A gnoll bouda (D:3)
  A hound (D:3)
  Crazy Yiuf (D:7)
  An iguana (D:2)
  An orc wizard (D:7)
  7 gnolls
  3 adders
  A white imp (D:6)
  2 dart slugs
  9 orcs
  4 endoplasms
  8 goblins
  4 hobgoblins
  A quokka (D:1)
  6 ball pythons
  4 bats
  4 frilled lizards
  5 kobolds
  A rat (D:2)
68 creatures vanquished.

Notes
Turn   | Place    | Note
-------+----------+-------------------------------------------
     0 | D:1      | Esekla the Deep Elf Wanderer began the quest for the Orb.
     0 | D:1      | Esekla set off with the following items: a +0 club, a
                  | potion of lignification, a +0 robe, a +0 buckler; and the
                  | following spells available to memorise: Apportation, Blink,
                  | Lesser Beckoning, Magic Dart, Ignite Poison, Vampiric
                  | Draining.
     0 | D:1      | Reached XP level 1. HP: 10/10 MP: 7/7
     2 | D:1      | Learned a level 1 spell: Magic Dart
     4 | D:1      | Learned a level 1 spell: Apportation
   259 | D:2      | Found Renulab's Jewellery Shop.
   541 | D:4      | Found a radiant altar of Vehumet.
   549 | D:4      | Found an iron altar of Okawaru.
   560 | D:4      | Found a glowing silver altar of Zin.
   643 | D:4      | Became a worshipper of Vehumet
   808 | D:3      | Reached XP level 2. HP: 15/15 MP: 0/9
  1093 | D:3      | Identified the +5 rapier of the Hero {heavy, rN+ Dex+3}
  1178 | D:2      | Reached skill level 1 in Necromancy
  1183 | D:2      | Learned a level 2 spell: Blink
  1272 | D:2      | Noticed a black bear
  1291 | D:1      | Reached XP level 3. HP: 18/19 MP: 11/11
  1336 | D:1      | Reached * piety under Vehumet
  1336 | D:1      | Offered knowledge of Freeze by Vehumet.
  1383 | D:1      | Reached skill level 5 in Spellcasting
  1633 | D:2      | Reached XP level 4. HP: 24/24 MP: 11/13
  1665 | D:2      | Found a faded altar of an unknown god.
  1855 | D:3      | Learned a level 3 spell: Vampiric Draining
  2014 | D:3      | Found a stormy altar of Qazlal.
  2028 | D:3      | Reached skill level 1 in Short Blades
  2092 | D:3      | Found a hazy altar of Hepliaklqana.
  2094 | D:3      | Found a bloodstained altar of Trog.
  2099 | D:3      | Reached skill level 6 in Spellcasting
  2099 | D:3      | Reached XP level 5. HP: 28/28 MP: 11/15
  2323 | D:2      | Killed a black bear
  2324 | D:2      | Reached skill level 1 in Fighting
  2324 | D:2      | Reached skill level 1 in Dodging
  2462 | D:4      | Reached XP level 6. HP: 23/34 MP: 6/17
  2584 | D:3      | Reached skill level 1 in Maces & Flails
  2766 | D:3      | Reached skill level 7 in Spellcasting
  2930 | D:4      | Found Ponaysk's Antique Weapon Boutique.
  2931 | D:4      | You fall into a shaft and drop 3 floors!
  2958 | D:7      | Reached ** piety under Vehumet
  2958 | D:7      | Offered knowledge of Searing Ray by Vehumet.
  2963 | D:7      | Learned a level 2 spell: Searing Ray
  2978 | D:7      | Noticed a wyvern
  2983 | D:7      | Killed a wyvern
  3024 | D:7      | Found a runed translucent door.
  3025 | D:7      | Noticed Crazy Yiuf
  3032 | D:7      | Killed Crazy Yiuf
  3033 | D:7      | Reached XP level 7. HP: 25/39 MP: 13/20
  3223 | D:6      | Noticed Pikel
  3278 | D:6      | Noticed Blork the orc
  3281 | D:5      | Entered Level 5 of the Dungeon
  3287 | D:5      | Slain by a hound

Illustrated notes

Levels and vault maps discovered:
D:1:      sevenhm_arrival_forest_fort_small_3, layout_rooms,
          chequers_serial_rivers_room_b, minmay_misc_feat_five
D:2:      layout_loops_ring, dreamdust_ecumenical_altar_angels_and_demons,
          serial_shops, shop
D:3:      layout_basic, grunt_temple_overflow_open, minmay_misc_feat_iff
D:4:      layout_basic, nicolae_overflow_quartered_altars, serial_shops,
          nicolae_diamond_shop
D:5:      layout_loops_ring, lemuel_doored_altar, minmay_misc_feat_rows,
          dreamdust_wishing_well
D:6:      layout_loops_cross, fedhas_altar_fruit_tree,
          minmay_temple_entry_glass, uniq_pikel, uniq_blork_the_orc
D:7:      layout_basic, uniq_menkaure, uniq_joseph, uniq_crazy_yiuf_cottage

Skill      XL: |  1  2  3  4  5  6  7 |
---------------+----------------------+-----
Necromancy     | 1 2 3 |  3.0
Spellcasting   | 5 6 7 |  7.9
Short Blades   | 1 |  1.5
Fighting       | 1 |  1.9
Dodging        | 1 2 |  2.3
Maces & Flails | 1 |  1.4
Throwing       | |  0.3
Stealth        | |  1.8
Shields        | |  1.6
Conjurations   | |  0.8
Translocations | |  2.9
Invocations    | |  1.0

Action                     |  1- 3 |  4- 6 |  7- 9 || total
---------------------------+-------+-------+-------++-------
  Melee: Short sword       |    26 |       |       ||    26
         Rapier            |    21 |    33 |     7 ||    61
         Dagger            |       |    13 |       ||    13
  Throw: Dart              |       |    19 |       ||    19
   Cast: Apportation       |    29 |     6 |     2 ||    37
         Magic Dart        |    50 |    14 |       ||    64
         Blink             |       |     7 |     1 ||     8
         Vampiric Draining |       |    17 |     4 ||    21
         Searing Ray       |       |       |     3 ||     3
  Evoke: Wand              |       |     2 |     1 ||     3
    Use: Scroll            |     1 |       |       ||     1
   Stab: Sleeping          |     2 |     1 |       ||     3
 Armour: Robe              |    17 |    11 |     9 ||    37
  Dodge: Dodged            |    42 |    42 |     8 ||    92
  Block: Buckler           |    14 |    13 |     2 ||    29
